 Dungeon Crawl Stone Soup version 0.12.2-13-gffed442 (webtiles) character file.

158 deathmort the Vexing (level 3, -1/28 HPs)
             Began as a Naga Enchanter on Aug 1, 2013.
             Slain by a worm (4 damage)
             ... on Level 2 of the Dungeon.
             The game lasted 00:15:36 (1852 turns).

deathmort the Vexing (Naga Enchanter)               Turns: 1852, Time: 00:15:36

HP  -1/28        AC  4     Str 10      XL: 3   Next: 72%
MP   5/6         EV 10     Int 15      God:
Gold 110         SH  0     Dex 12      Spells:  1 memorised,  3 levels left

Res.Fire  : . . .   See Invis. : +   a - +1 dagger {=f}
Res.Cold  : . . .   Warding    : .   b - +1 robe
Life Prot.: . . .   Conserve   : .   (no shield)
Res.Poison: +       Res.Corr.  : .   h - +0 helmet
Res.Elec. : .       Clarity    : .   (no cloak)
Sust.Abil.: . .     Spirit.Shd : .   (no gloves)
Res.Mut.  : .       Stasis     : .   (no barding)
Res.Rott. : .       Ctrl.Telep.: .   (no amulet)
Saprovore : . . .   Flight     : .   (no ring)
                                     m - ring of flight

@: very slow, slightly resistant to hostile enchantments, stealthy
A: spit poison, see invisible, deformed body, poison resistance, slowness 2, AC
+1
a: Spit Poison, Evoke Flight


You were on level 2 of the Dungeon.
You were hungry.

You visited 1 branch of the dungeon, and saw 2 of its levels.

You collected 90 gold pieces.

Inventory:

Hand weapons
 a - a +1,+1 dagger (weapon) {=f}
Missiles
 d - 12 darts (quivered)
 g - 11 poisoned needles
Armour
 b - a +1 robe (worn)
 h - a +0 helmet (worn)
Comestibles
 f - a bread ration
 i - a choko
 q - a meat ration
Scrolls
 e - a scroll of remove curse {unknown}
 j - 2 scrolls of enchant weapon I {unknown}
 k - a scroll of fog {unknown}
 l - 2 scrolls of identify {unknown}
 o - a scroll of noise {unknown}
 r - a scroll of enchant weapon II {unknown}
Jewellery
 m - a ring of flight (left hand)
Potions
 n - a potion of heal wounds {unknown}
 p - 2 potions of agility {unknown}
 s - 2 potions of cure mutation {unknown}
Books
 c - a book of Maledictions

   Spells                             Type                      Level
   *Corona                            Hexes                        1
   Sure Blade                         Hexes/Charms                 2
   Ensorcelled Hibernation            Hexes/Ice                    2
   Confuse                            Hexes                        3
   Enslavement                        Hexes                        4
   Invisibility                       Hexes                        6


   Skills:
 * Level 1.0 Fighting
 - Level 1.1 Short Blades
 + Level 0.8 Throwing
 - Level 1.9 Dodging
 + Level 3.1 Stealth
 + Level 1.5 Stabbing
 + Level 1.4 Spellcasting
 + Level 3.5 Hexes


You had 3 spell levels left.
You knew the following spells:

 Your Spells              Type           Power        Failure   Level  Hunger
a - Corona                Hex            ###.....     8%          1    ##.....


Dungeon Overview and Level Annotations

Branches:
Dungeon (2/27)

Altars:


Innate Abilities, Weirdness & Mutations

You cannot wear boots.
You can spit poison.
Your serpentine skin is tough (AC +1).
You have supernaturally acute eyesight.
Armour fits poorly on your strangely shaped body.
Your system is resistant to poisons.
You cover ground very slowly.


Message History

* * * LOW HITPOINT WARNING * * *
The giant cockroach closely misses you.
You hit the worm but do no damage.
The worm is heavily wounded.
The bat closely misses you. The bat barely misses you.
The giant cockroach bites you but does no damage.
The giant cockroach misses you.
You hit the worm.
The worm is heavily wounded.
The bat hits you but does no damage. The bat barely misses you.
The worm closely misses you. The giant cockroach closely misses you.
You hit the worm.
The worm is heavily wounded.
The bat hits you but does no damage. The bat barely misses you.
The giant cockroach bites you.
* * * LOW HITPOINT WARNING * * *
You hit the worm.
The worm is severely wounded.
The bat hits you but does no damage. The worm bites you.
You die...

####### #.....#
#.....#######
#.....##....# #######
#.....##....# .......
#.....##....#
#......s###.....##....###
..>....w@................
#......S###.....#########
.....b. #.....# .......
####### ....... ......
..... ..?. .


You could see a worm, a giant cockroach, a bat and a ball python.

Vanquished Creatures
  An adder (D:2)
  2 giant geckos
  A ball python (D:2)
  5 giant cockroaches
  6 hobgoblins
  5 kobolds
  7 bats
  3 giant newts
  2 goblins
  3 rats
35 creatures vanquished.

Vanquished Creatures (others)
  A hobgoblin (D:1)
  A goblin (D:1)
2 creatures vanquished.

Grand Total: 37 creatures vanquished

Notes
Turn   | Place    | Note
--------------------------------------------------------------
     0 | D:1      | deathmort, the Naga Enchanter, began the quest for the Orb.
     0 | D:1      | Reached XP level 1. HP: 15/15 MP: 3/3
   658 | D:1      | Reached XP level 2. HP: 22/22 MP: 4/4
  1208 | D:2      | Reached XP level 3. HP: 26/28 MP: 3/5
  1744 | D:2      | Reached skill level 1 in Fighting
  1852 | D:2      | Slain by a worm

Action                   || total
-------------------------++-------
Melee: Dagger            ||   156
 Cast: Corona            ||    14
 Abil: Spit Poison       ||     5
 Stab: Sleeping          ||    10
